 Dungeon Crawl Stone Soup version 0.27-b1-23-g44b8eac545 (webtiles) character file.

Game seed: 12715666496977371519

1101 pikapanic the Spear-Bearer (level 8, -2/56 (70) HPs)
             Began as a White Draconian Berserker on July 27, 2021.
             Was a Believer of Trog.
             Slain by a wight (7 damage)
             ... on level 7 of the Dungeon.
             The game lasted 00:20:08 (4277 turns).

pikapanic the Spear-Bearer (DrBe)                   Turns: 4277, Time: 00:20:09

HP:   -2/56 (70)    AC: 11    Str: 21    XL:     8   Next: 10%
MP:   8/8           EV: 12    Int:  7    God:    Trog [**....]
Gold: 154           SH:  0    Dex: 12    Spells: 7/7 levels left

rFire    . . .     SeeInvis .   k - +2 trident (protect)
rCold    + . .     Faith    .   (no shield)
rNeg     . . .     Spirit   .   (armour unavailable)
rPois    .         Reflect  .   (helmet restricted)
rElec    .         Harm     .   g - +0 cloak
rCorr    .         Rampage  .   (no gloves)
Will     .....                  (no boots)
Stlth    ++........             s - amulet of regeneration
HPRegen  1.18/turn              q - +4 ring of protection
MPRegen  0.11/turn              (no ring)

@: on berserk cooldown, heavily drained
A: breathe frost, AC +6, unfitting armour, cold resistance 1, cold-blooded, wild
magic 1
a: Breathe Frost, Renounce Religion, Berserk, Trog's Hand


You were on level 7 of the Dungeon.
You worshipped Trog.
Trog was pleased with you.
You visited 1 branch of the dungeon, and saw 5 of its levels.

You collected 154 gold pieces.

Inventory:

Hand Weapons
 a - a +0 spear
 e - a +0 dagger
 f - a +0 dagger of draining
 h - a +0 vampiric scythe
 j - a +2 short sword of draining
 k - a +2 trident of protection (weapon)
 r - a +0 club
 u - a +0 antimagic short sword
Missiles
 n - 6 atropa-tipped darts (quivered)
Armour
 c - a +0 ring mail
 g - a +0 cloak (worn)
 i - a +0 chain mail
 p - a +0 robe
Jewellery
 q - a +4 ring of protection (left hand)
 s - an amulet of regeneration (around neck)
Wands
 m - a wand of polymorph (6)
 v - a wand of flame (23)
Scrolls
 o - 2 scrolls of identify
 t - 2 scrolls of teleportation
Potions
 b - 3 potions of lignification
 d - a potion of haste {unknown}
 l - a potion of degeneration {unknown}


   Skills:
 * Level 5.7 Fighting
 * Level 8.8 Polearms
 - Level 2.6 Dodging
 - Level 1.7 Stealth
 - Level 0.1 Unarmed Combat


You had 7 spell levels left.
You didn't know any spells.
Your spell library contained the following spells:

 Spells                   Type           Power      Damage    Failure   Level
 Foxfire                  Conj/Fire      0%         2x1d4     52%         1
 Conjure Flame            Conj/Fire      0%         6-21      86%         3
 Ignite Poison            Fire/Tmut/Pois 0%         N/A       86%         3
 Inner Flame              Hex/Fire       0%         N/A       86%         3
 Airstrike                Air            0%         N/A       99%         4
 Sticky Flame             Conj/Fire      0%         2d3       99%         4
 Summon Lightning Spire   Summ/Air       0%         N/A       99%         4
 Lightning Bolt           Conj/Air       0%         1d11      100%        5


Dungeon Overview and Level Annotations

Branches:
Dungeon (4/15)
 Temple: D:4-7

Altars:
Fedhas
Ru


Innate Abilities, Weirdness & Mutations

You can breathe waves of freezing cold which knock back foes.
Your icy white scales are hard. (AC +6)
You cannot fit into any form of body armour.
Your flesh is cold resistant. (rC+)
You are cold-blooded and may be slowed by cold attacks.
Your spells are a little harder to cast, but a little more powerful.


Message History

Your weapon exudes an aura of protection.
The wight is severely damaged.
The wight hits you but does no damage. The wight misses you.
Reach: k) +2 trident (protect)
Press: ? - help, Dir - move target, f/p - wight
Aim: a wight, wielding a +0 halberd and wearing a +2 robe of willpower (severely damaged, about 35% to evade your +2 trident of protection)
You reach to attack!
You hit the wight but do no damage.
The wight is severely damaged.
The wight hits you but does no damage. The wight misses you.
The wight barely misses you.
The wight hits you from afar with a +0 halberd!
* * * LOW HITPOINT WARNING * * *
The wight hits you from afar with a +0 halberd.
You feel drained.
* * * LOW HITPOINT WARNING * * *
You feel yourself speed up.
The wight hits you from afar with a +0 halberd!
* * * LOW HITPOINT WARNING * * *
Reach: k) +2 trident (protect)
Press: ? - help, Dir - move target, f/p - wight
Aim: a wight, wielding a +0 halberd and wearing a +2 robe of willpower (severely damaged, about 35% to evade your +2 trident of protection)
You reach to attack!
You hit the wight.
Your weapon exudes an aura of protection.
The wight is severely damaged.
The wight hits you from afar with a +0 halberd!
* * * LOW HITPOINT WARNING * * *
Aiming: Polymorph
Press: ? - help, Shift-Dir - straight line, f - you, p - wight
Okay, then.
The wight hits you but does no damage.
Aiming: Polymorph
Press: ? - help, Shift-Dir - straight line, f - wight
Aim: a wight, wielding a +0 halberd and wearing a +2 robe of willpower (severely damaged, not susceptible)
The wight is unaffected.
The wight hits you from afar with a +0 spear.
* * * LOW HITPOINT WARNING * * *
You feel drained. The wight barely misses you.
The wight hits you from afar with a +0 halberd!
You die...

#.# #. #.# #.
#####.##### ##.
#.........# ##..
#.###.###.# #...
#.# #.###.## ##..
#.# #......# ##.
#.#######..#######.
#.@.zz.............
##################.
#. #z #. #† #. #.
##)


You could see 2 wights.

Vanquished Creatures
  Sigmund (D:3)
  Duvessa (D:4)
  An orc warrior (D:7)
  2 necrophages
  A phantom (D:7)
  A scorpion (D:7)
  Dowan (D:4)
  A water moccasin skeleton (D:7)
  2 wights (D:7)
  2 bullfrog skeletons
  2 orc priests (D:7)
  An orc wizard (D:7)
  A howler monkey zombie (D:3)
  3 gnolls (D:4)
  An adder (D:2)
  A dart slug (D:4)
  18 orcs
  2 bats (D:2)
  7 endoplasms
  A giant cockroach (D:1)
  7 goblins
  6 hobgoblins
  5 kobolds
  A quokka (D:1)
  2 ball pythons
  A frilled lizard (D:2)
  3 rats
75 creatures vanquished.

Vanquished Creatures (others)
  34 plants (D:4)
34 creatures vanquished.

Grand Total: 109 creatures vanquished

Notes
Turn   | Place    | Note
-------+----------+-------------------------------------------
     0 | D:1      | pikapanic the Draconian Berserker began the quest for the
                  | Orb.
     0 | D:1      | Reached XP level 1. HP: 19/19 MP: 1/1
   462 | D:1      | Found a faded altar of an unknown god.
   856 | D:1      | Reached XP level 2. HP: 26/26 MP: 2/2
  1731 | D:2      | Reached XP level 3. HP: 32/33 MP: 3/3
  2368 | D:3      | Reached skill level 4 in Polearms
  2436 | D:3      | Found a sacrificial altar of Ru.
  2511 | D:3      | Reached ** piety under Trog
  2704 | D:3      | Noticed Sigmund
  2756 | D:3      | HP: 1/33 [Sigmund/puff of flame (2)]
  2772 | D:3      | Killed Sigmund
  2773 | D:3      | Reached skill level 5 in Polearms
  2773 | D:3      | Reached skill level 1 in Stealth
  2773 | D:3      | Reached XP level 4. HP: 25/40 MP: 4/4
  2773 | D:3      | Reached XP level 5. HP: 29/46 MP: 5/5
  2939 | D:3      | Gained mutation: Your spells are a little harder to cast,
                  | but a little more powerful. [potion of mutation]
  3182 | D:4      | Noticed Dowan
  3183 | D:4      | Noticed Duvessa
  3217 | D:4      | Killed Duvessa
  3218 | D:4      | Reached skill level 6 in Polearms
  3218 | D:4      | Reached XP level 6. HP: 41/53 MP: 6/6
  3219 | D:4      | Killed Dowan
  3369 | D:4      | Reached skill level 7 in Polearms
  3392 | D:4      | Your scales start taking on an icy white colour.
  3392 | D:4      | Reached XP level 7. HP: 57/60 MP: 7/7
  3392 | D:4      | Gained mutation: Your flesh is cold resistant. (rC+) [White
                  | Draconian growth]
  3658 | D:4      | Found a blossoming altar of Fedhas.
  3741 | D:4      | You fall into a shaft and drop 3 floors!
  3844 | D:7      | Reached skill level 5 in Fighting
  3884 | D:7      | Reached skill level 8 in Polearms
  4203 | D:7      | Reached XP level 8. HP: 69/69 MP: 8/8
  4273 | D:7      | HP: 1/57 [wight (11)]
  4277 | D:7      | Slain by a wight

Illustrated notes

Levels and vault maps discovered:
D:1:      roderic_chinese_lattice_arrival, layout_loops_corners,
          basic_ecumenical_altar
D:2:      layout_basic
D:3:      layout_rooms, nicolae_ru_the_path_less_chosen, uniq_sigmund
D:4:      layout_loops_ring, fedhas_altar_4, st_stairs_8, grunt_decor_clamped,
          serial_park_tiny_pond, minmay_misc_feat_chi, serial_bayou_lagoon_a,
          uniq_duvessa
D:7:      layout_loops_corners

Skill      XL: |  1  2  3  4  5  6  7 |
---------------+----------------------+-----
Polearms       | 5 6 7 8 |  8.8
Fighting       | 4 5 |  5.7
Stealth        | 1 |  1.7
Dodging        | |  2.6
Unarmed Combat | |  0.1

Action                   |  1- 3 |  4- 6 |  7- 9 || total
-------------------------+-------+-------+-------++-------
Melee: Spear             |    59 |       |       ||    59
       Tailslap          |     9 |     5 |     8 ||    22
       Trident           |    37 |    41 |   122 ||   200
       Unarmed           |       |     4 |       ||     4
Invok: Berserk           |     1 |     1 |     1 ||     3
       Trog's Hand       |     1 |     1 |     1 ||     3
Evoke: Wand              |       |       |     1 ||     1
  Use: Scroll            |     4 |     1 |       ||     5
       Potion            |     1 |     1 |       ||     2
 Stab: Sleeping          |     1 |       |     1 ||     2
Armor: Skin              |    38 |    20 |    53 ||   111
Dodge: Dodged            |    46 |    20 |    88 ||   154
